TOP OF THE 1ST |
Moose Jaw Ghostbusters batting - Pitching for La Crosse Loggers : RHP Cisco Vázquez
|
Pitching: RHP Cisco Vázquez
|
|
Batting: RHB Pedro Meza
|
0-0: Foul Ball, location: 2F 0-1: Foul Ball, location: 2F 0-2: Ball 1-2: Fly out, F4 (Popup, 3D)
|
Batting: LHB Will Vale
|
0-0: Ball 1-0: Fly out, F8 (Line Drive, 8RS)
|
Batting: RHB Earl Wiggins
|
0-0: Ball 1-0: Ball 2-0: Called Strike 2-1: Foul Ball, location: 2F 2-2: Strikes out swinging
|
Top of the 1st over - 0 run(s), 0 hit(s), 0 error(s), 0 left on base; Moose Jaw 0 - La Crosse 0 |
BOTTOM OF THE 1ST |
La Crosse Loggers batting - Pitching for Moose Jaw Ghostbusters : RHP Chandler Lindsey
|
Pitching: RHP Chandler Lindsey
|
|
Batting: LHB Ricardo Ruíz
|
0-0: Ball 1-0: Foul Ball, location: 2F 1-1: SINGLE (Line Drive, 3D)
|
Batting: LHB Oliver Beltrán
|
0-0: Ball 1-0: Ball 2-0: Ball 3-0: Called Strike 3-1: Base on Balls Ricardo Ruíz to second
|
Batting: LHB José Santos
|
0-0: Ball 1-0: Called Strike 1-1: Ball 2-1: Ball 3-1: Foul Ball, location: 2F 3-2: Fielders Choice at 2nd, 4-6 (Groundball, 34) Ricardo Ruíz to third
|
Batting: LHB Enrique Tirado
|
0-0: Called Strike 0-1: Ball 1-1: Ball 2-1: Foul Ball, location: 2F 2-2: Ball 3-2: Fly out, F7 (Popup, 5D)
|
Batting: RHB Fraser Stanton
|
0-0: Ball 1-0: Called Strike 1-1: Called Strike 1-2: Ball 2-2: Foul Ball, location: 2F 2-2: Strikes out looking
|
Bottom of the 1st over - 0 run(s), 1 hit(s), 0 error(s), 2 left on base; Moose Jaw 0 - La Crosse 0 |
TOP OF THE 2ND |
Moose Jaw Ghostbusters batting - Pitching for La Crosse Loggers : RHP Cisco Vázquez
|
Batting: RHB Paco Hernández
|
0-0: Fly out, F4 (Line Drive, 4MD)
|
Batting: LHB Bartolo Villanueva
|
0-0: Ball 1-0: Ball 2-0: Swinging Strike 2-1: Called Strike 2-2: Ball 3-2: Strikes out looking
|
Batting: RHB Domingo Matos
|
0-0: SINGLE (Groundball, 6D)
|
Batting: RHB John Major
|
0-0: Fielders Choice at 2nd, U4 (Groundball, 4M)
|
Top of the 2nd over - 0 run(s), 1 hit(s), 0 error(s), 1 left on base; Moose Jaw 0 - La Crosse 0 |
BOTTOM OF THE 2ND |
La Crosse Loggers batting - Pitching for Moose Jaw Ghostbusters : RHP Chandler Lindsey
|
Batting: RHB Robert Barnard
|
0-0: Ground out 4-3 (Groundball, 34)
|
Batting: RHB Sergio Sánchez
|
0-0: Called Strike 0-1: Ball 1-1: Called Strike 1-2: Foul Ball, location: 2F 1-2: Foul Ball, location: 2F 1-2: Ball 2-2: Ball 3-2: Foul Ball, location: 2F 3-2: Base on Balls
|
Batting: RHB Vicente Vélez
|
0-0: Foul Ball, location: 2F 0-1: Ball 1-1: Ball 2-1: Swinging Strike 2-2: Foul Ball, location: 2F 2-2: Foul Ball, location: 2F 2-2: Strikes out swinging
|
Batting: RHB Jimmy Smith
|
0-0: Ball 1-0: Ball 2-0: Ground out U3 (Groundball, 3)
|
Bottom of the 2nd over - 0 run(s), 0 hit(s), 0 error(s), 1 left on base; Moose Jaw 0 - La Crosse 0 |
TOP OF THE 3RD |
Moose Jaw Ghostbusters batting - Pitching for La Crosse Loggers : RHP Cisco Vázquez
|
Batting: RHB Aaron Wilson
|
0-0: Called Strike 0-1: SINGLE (Line Drive, 34D)
|
Batting: LHB Carlos López
|
0-0: Called Strike 0-1: Ball 1-1: Foul Ball, location: 2F 1-2: Strikes out swinging
|
Batting: RHB Pedro Meza
|
0-0: Grounds into double play, 6-4-3 (Groundball, 6)
|
Top of the 3rd over - 0 run(s), 1 hit(s), 0 error(s), 0 left on base; Moose Jaw 0 - La Crosse 0 |
BOTTOM OF THE 3RD |
La Crosse Loggers batting - Pitching for Moose Jaw Ghostbusters : RHP Chandler Lindsey
|
Batting: LHB Ricardo Ruíz
|
0-0: DOUBLE (Line Drive, 78M)
|
Batting: LHB Oliver Beltrán
|
0-0: Ball 1-0: Ball 2-0: Foul Ball, location: 2F 2-1: Ball 3-1: Base on Balls
|
Batting: LHB José Santos
|
0-0: Fly out, F9 (Flyball, 89XD) Runner from 2nd tags up, SAFE at 3rd, no throw
|
Batting: LHB Enrique Tirado
|
0-0: Ball 1-0: Ball 2-0: Ball 3-0: Base on Balls Oliver Beltrán to second
|
Batting: RHB Fraser Stanton
|
0-0: Ball 1-0: Ball 2-0: Ball 3-0: Base on Balls Ricardo Ruíz scores Oliver Beltrán to third Enrique Tirado to second
|
Batting: RHB Robert Barnard
|
0-0: Ball 1-0: Foul Ball, location: 2F 1-1: Foul Ball, location: 2F 1-2: Ball 2-2: DOUBLE (Line Drive, 8LS) Oliver Beltrán scores Enrique Tirado scores Fraser Stanton to third Runner from 3rd tries for Home, throw and OUT! Robert Barnard to third
|
Batting: RHB Sergio Sánchez
|
0-0: Ball 1-0: Ball 2-0: Called Strike 2-1: Fly out, F5 (Popup, 5F)
|
Bottom of the 3rd over - 3 run(s), 2 hit(s), 0 error(s), 1 left on base; Moose Jaw 0 - La Crosse 3 |
TOP OF THE 4TH |
Moose Jaw Ghostbusters batting - Pitching for La Crosse Loggers : RHP Cisco Vázquez
|
Batting: LHB Will Vale
|
0-0: Foul Ball, location: 2F 0-1: Fly out, F9 (Flyball, 9LM)
|
Batting: RHB Earl Wiggins
|
0-0: Ground out 4-3 (Groundball, 4)
|
Batting: RHB Paco Hernández
|
0-0: Called Strike 0-1: Ball 1-1: Foul Ball, location: 2F 1-2: Strikes out swinging
|
Top of the 4th over - 0 run(s), 0 hit(s), 0 error(s), 0 left on base; Moose Jaw 0 - La Crosse 3 |
BOTTOM OF THE 4TH |
La Crosse Loggers batting - Pitching for Moose Jaw Ghostbusters : RHP Chandler Lindsey
|
Batting: RHB Vicente Vélez
|
0-0: Called Strike 0-1: Swinging Strike 0-2: Ball 1-2: Strikes out swinging
|
Batting: RHB Jimmy Smith
|
0-0: Ball 1-0: Called Strike 1-1: Ground out 1-3 (Groundball, 23)
|
Batting: LHB Ricardo Ruíz
|
0-0: Called Strike 0-1: Fly out, F8 (Flyball, 78M)
|
Bottom of the 4th over - 0 run(s), 0 hit(s), 0 error(s), 0 left on base; Moose Jaw 0 - La Crosse 3 |
TOP OF THE 5TH |
Moose Jaw Ghostbusters batting - Pitching for La Crosse Loggers : RHP Cisco Vázquez
|
Batting: LHB Bartolo Villanueva
|
0-0: Swinging Strike 0-1: Ball 1-1: Ball 2-1: Ground out 4-3 (Groundball, 4)
|
Batting: RHB Domingo Matos
|
0-0: Called Strike 0-1: Ball 1-1: Ball 2-1: SINGLE (Line Drive, 56)
|
Batting: RHB John Major
|
0-0: Fly out, F8 (Flyball, 8LXD) Runner from 1st tags up, SAFE at 2nd
|
Batting: RHB Aaron Wilson
|
0-0: Foul Ball, location: 2F 0-1: Ball 1-1: Ground out 4-3 (Groundball, 4)
|
Top of the 5th over - 0 run(s), 1 hit(s), 0 error(s), 1 left on base; Moose Jaw 0 - La Crosse 3 |
BOTTOM OF THE 5TH |
La Crosse Loggers batting - Pitching for Moose Jaw Ghostbusters : RHP Chandler Lindsey
|
Batting: LHB Oliver Beltrán
|
0-0: Ball 1-0: Ball 2-0: Ball 3-0: Base on Balls
|
Batting: LHB José Santos
|
0-0: Ball 1-0: Called Strike 1-1: Swinging Strike 1-2: Fielders Choice at 2nd, 1-6 (Groundball, 15)
|
Batting: LHB Enrique Tirado
|
0-0: Called Strike 0-1: Ball 1-1: Ball 2-1: Ball 3-1: Base on Balls José Santos to second
|
Batting: RHB Fraser Stanton
|
0-0: Ball 1-0: Ball 2-0: Ball 3-0: Base on Balls José Santos to third Enrique Tirado to second
|
Pitching: RHP Raúl Saltines
|
|
Batting: RHB Robert Barnard
|
0-0: Swinging Strike 0-1: Foul Ball, location: 2F 0-2: Foul Ball, location: 2F 0-2: Strikes out swinging
|
Batting: RHB Sergio Sánchez
|
0-0: Ball 1-0: SINGLE (Line Drive, 89S) José Santos scores Enrique Tirado to third Fraser Stanton to second Runner from 3rd tries for Home, throw and OUT!
|
Bottom of the 5th over - 1 run(s), 1 hit(s), 0 error(s), 2 left on base; Moose Jaw 0 - La Crosse 4 |
TOP OF THE 6TH |
Moose Jaw Ghostbusters batting - Pitching for La Crosse Loggers : RHP Cisco Vázquez
|
Batting: LHB Carlos López
|
0-0: Ball 1-0: Foul Ball, location: 2F 1-1: Ball 2-1: Called Strike 2-2: Strikes out swinging
|
Batting: RHB Pedro Meza
|
0-0: Ball 1-0: Foul Ball, location: 2F 1-1: Foul Ball, location: 2F 1-2: Ball 2-2: Strikes out swinging
|
Batting: LHB Will Vale
|
0-0: Ball 1-0: Swinging Strike 1-1: Ball 2-1: Bunt missed! 2-2: Fly out, F8 (Flyball, 8LM)
|
Top of the 6th over - 0 run(s), 0 hit(s), 0 error(s), 0 left on base; Moose Jaw 0 - La Crosse 4 |
BOTTOM OF THE 6TH |
La Crosse Loggers batting - Pitching for Moose Jaw Ghostbusters : RHP Raúl Saltines
|
Batting: RHB Vicente Vélez
|
0-0: Ball 1-0: Ball 2-0: DOUBLE (Flyball, 9LM)
|
Batting: RHB Jimmy Smith
|
0-0: Called Strike 0-1: DOUBLE (Line Drive, 78M) Vicente Vélez scores
|
Batting: LHB Ricardo Ruíz
|
0-0: Ball 1-0: Foul Ball, location: 2F 1-1: Called Strike 1-2: Strikes out looking
|
Batting: LHB Oliver Beltrán
|
0-0: Swinging Strike 0-1: Ground out 4-3 (Groundball, 4) Jimmy Smith to third
|
Batting: LHB José Santos
|
0-0: Ball 1-0: SINGLE (Groundball, 34D) Jimmy Smith scores
|
Batting: LHB Enrique Tirado
|
0-0: Ball José Santos steals 2nd base 1-0: Ball 2-0: Swinging Strike 2-1: Foul Ball, location: 2F 2-2: Foul Ball, location: 2F 2-2: Fly out, F8 (Flyball, 8LS)
|
Bottom of the 6th over - 2 run(s), 3 hit(s), 0 error(s), 1 left on base; Moose Jaw 0 - La Crosse 6 |
TOP OF THE 7TH |
Moose Jaw Ghostbusters batting - Pitching for La Crosse Loggers : RHP Cisco Vázquez
|
Batting: RHB Earl Wiggins
|
0-0: Ball 1-0: Called Strike 1-1: Foul Ball, location: 2F 1-2: Foul Ball, location: 2F 1-2: Ball 2-2: Ball 3-2: Foul Ball, location: 2F 3-2: Strikes out swinging
|
Batting: RHB Paco Hernández
|
0-0: Called Strike 0-1: Ball 1-1: SINGLE (Line Drive, 34)
|
Batting: LHB Bartolo Villanueva
|
0-0: Called Strike 0-1: Foul Ball, location: 2F 0-2: Ball 1-2: Strikes out swinging
|
Batting: RHB Domingo Matos
|
0-0: Foul Ball, location: 2F 0-1: Ball 1-1: Fielders Choice at 2nd, 6-4 (Groundball, 56)
|
Top of the 7th over - 0 run(s), 1 hit(s), 0 error(s), 0 left on base; Moose Jaw 0 - La Crosse 6 |
BOTTOM OF THE 7TH |
La Crosse Loggers batting - Pitching for Moose Jaw Ghostbusters : RHP Raúl Saltines
|
Batting: RHB Fraser Stanton
|
0-0: Called Strike 0-1: Ball 1-1: Fly out, F4 (Line Drive, 4M)
|
Pitching: RHP Whit Johnson
|
|
Batting: RHB Robert Barnard
|
0-0: Ball 1-0: Ball 2-0: Swinging Strike 2-1: SOLO HOME RUN (Flyball, 8LXD), Distance : 401 ft
|
|